 Dungeon Crawl Stone Soup version 0.22.1-5-g62c59d919a (webtiles) character file.

109619 Dexcius the Executioner (level 16, 0/154 HPs)
             Began as a Minotaur Berserker on Jan 10, 2019.
             Was the Champion of Trog.
             Slain by a shambling mangrove (22 damage)
             ... on level 4 of the Swamp on Jan 11, 2019.
             The game lasted 01:28:37 (22525 turns).

Dexcius the Executioner (Minotaur Berserker)       Turns: 22525, Time: 01:28:38

Health: 0/154      AC: 28    Str: 31    XL:     16   Next: 5%
Magic:  5/5        EV:  8    Int:  4    God:    Trog [******]
Gold:   2142       SH:  3    Dex: 19    Spells: 15/15 levels left

rFire    + . .     SeeInvis .   H - +4 great mace (antimagic)
rCold    . . .     Gourm    .   (shield currently unavailable)
rNeg     . . .     Faith    .   a - +2 plate armour {MR+}
rPois    +         Spirit   .   v - +2 hat
rElec    +         Reflect  +   t - +2 cloak {+Inv}
rCorr    .         Harm     .   j - +0 pair of gloves
MR       +++..     Clarity  +   p - +1 pair of boots
Stlth    ..........             C - amulet "Peabbag" {Reflect +Blink rElec Dex+7 SH+3}
HPRegen  0.35/turn              z - ring of Taqonuna {rF+ Str+4}
MPRegen  0.09/turn              r - +5 ring of slaying

@: grasped by roots, berserk cooldown, slowed, very slow
A: retaliatory headbutt, horns 2, clarity, magic resistance 1, poison
resistance, subdued magic 1
a: Berserk, Trog's Hand, Brothers in Arms, Renounce Religion, Evoke Blink, Evoke
Invisibility


You were on level 4 of the Swamp.
You worshipped Trog.
Trog was exalted by your worship.
You were hungry.

You visited 4 branches of the dungeon, and saw 23 of its levels.
You also visited: Ice Cave.

You collected 2553 gold pieces.
You spent 411 gold pieces at shops.

Inventory:

Hand Weapons
 b - the +8 war axe of Extinguishment {holy, *Noise +Fly rElec rC++}
   (You bought it in a shop on level 2 of the Orcish Mines)

   It has been blessed by the Shining One to cause great damage to the undead
   and demons.
   It greatly protects you from cold.
   It insulates you from electricity.
   It lets you fly.
   It may make noises in combat.
 A - the +12 battleaxe "Jellybane" {chop, rPois rF++}
   (Trog gifted it to you on level 9 of the Dungeon)

   It inflicts extra damage upon your enemies.
   It greatly protects you from fire.
   It protects you from poison.
 H - a +4 antimagic great mace (weapon)
Armour
 a - a +2 plate armour of magic resistance (worn)
 j - a +0 pair of gloves (worn)
 p - a +1 pair of boots (worn)
 t - a +2 cloak of invisibility (worn)
 v - a +2 hat (worn)
 w - a +0 shield
Jewellery
 q - an uncursed ring of flight
 r - a +5 ring of slaying (right hand)
 z - the ring of Taqonuna (left hand) {rF+ Str+4}
   (You found it in an ice cave)

   [ring of strength]

   It affects your strength (+4).
   It protects you from fire.
 C - the amulet "Peabbag" (around neck) {Reflect +Blink rElec Dex+7 SH+3}
   (You found it on level 5 of the Lair of Beasts)

   [amulet of reflection]

   It shields you and reflects attacks.
   It affects your dexterity (+7).
   It insulates you from electricity.
   It lets you blink.
   It affects your SH (+3).
Wands
 g - a wand of polymorph (10)
 h - a wand of disintegration (41)
Scrolls
 e - 5 scrolls of identify
 f - a scroll of fog
 i - 16 scrolls of teleportation
 m - 2 scrolls of remove curse
 n - 3 scrolls of enchant weapon
Potions
 d - 8 potions of curing
 k - 2 potions of heal wounds
 o - 2 potions of cancellation
 s - 3 potions of haste
 u - 2 potions of flight
 B - 2 potions of might
 D - a potion of resistance
Comestibles
 c - 8 rations


   Skills:
 + Level 16.8 Fighting
 + Level 21.1(21.5) Axes
 + Level 9.0(16.3) Maces & Flails
 + Level 15.2 Armour
 + Level 5.4 Dodging
 + Level 3.3 Stealth
 + Level 4.4 Shields
 + Level 0.2 Unarmed Combat
 + Level 0.9 Evocations


You had 15 spell levels left.
You didn't know any spells.
Your spell library was empty.

Dungeon Overview and Level Annotations

Branches:
Dungeon (11/15)            Temple (0/1) D:6            Lair (6/6) D:11
  Swamp (4/4) Lair:3        Snake (0/4) Lair:3        Slime (0/5) Lair:6
    Orc (2/2) D:10            Elf (0/3) Orc:2

Altars:
Ashenzari
Cheibriados
Dithmenos
Elyvilon
Gozag
Hepliaklqana
Okawaru
Qazlal
Trog
Uskayaw
Wu Jian
Zin

Shops:
D:5 *!(!}   D:8 !   D:11 :?   Orc:1 *   Orc:2 %*(*

Portals:
Trove: D:11 (give 4 scrolls of blinking)

Annotations:
Lair:5 exclusion: 3 oklob plants


Innate Abilities, Weirdness & Mutations

You reflexively headbutt those who attack you in melee.
You have a pair of horns on your head.
You possess an exceptional clarity of mind.
You are resistant to hostile enchantments. (MR+)
Your system is resistant to poisons. (rPois)
Your spells are a little easier to cast, but a little less powerful.


Message History

You kill the four-headed hydra!
Trog accepts your kill.
Your base Maces & Flails skill increases to level 9!
You sock the spriggan! You headbutt the spriggan.
The spriggan is severely wounded.
The spriggan hits you but does no damage. x2
You hit the spriggan. Your headbutt misses the spriggan.
The spriggan is almost dead.
The spriggan hits you but does no damage.
You bludgeon the spriggan!!
You kill the spriggan!
Trog accepts your kill.
The swamp drake breathes noxious fumes at you.
The noxious blast engulfs the shambling mangrove.
The shambling mangrove appears unharmed.
You bludgeon the shambling mangrove!!
Your headbutt misses the shambling mangrove.
The shambling mangrove is moderately damaged.
The shambling mangrove hits you!!
You die...

...§.≈♣♣##♣.≈...♣.♣♣
≈.≈≈♣♣ #♣≈§^....♣
.≈♣ #♣≈≈.≈.♣♣
#♣≈≈.♣♣ #♣≈♣♣ #≈≈♣
#♣§♣ #♣§♣ # #§@♣ #.
#♣♣f♣♣ #D #§§§♣ #f
##♣§♣♣♣ ≈≈.##.##≈k.♣
≈≈...≈[).♣♣♣
.≈≈≈♣≈♣§♣♣ ≈ .≈ ♣♣♣
♣≈.


You could see a shambling mangrove and a swamp drake.

Vanquished Creatures
  3 thorn hunters
  An orc warlord (Orc:1)
  The ghost of Uceptuam the Markscentaur, a journeyman CeHu of Okawaru (Lair:6)
  An ettin (Orc:1)
  Harold (D:7)
  2 ice dragons (IceCv)
  21 hydras
  2 ghost crabs (Swamp:3)
  6 alligators
  3 two-headed ogres
  5 orc high priests (Orc:2)
  4 death yaks
  8 swamp dragons
  An unseen horror (D:10)
  2 spriggan druids
  6 shambling mangroves
  4 lindwurms (Lair:5)
  Pikel (D:7)
  7 orc knights (Orc:2)
  7 ugly things
  A cyclops (Orc:2)
  2 ice statues (IceCv)
  A centaur zombie (D:11)
  6 black mambas
  5 elephants (Lair:6)
  A gargoyle (D:11)
  29 spiny frogs
  5 komodo dragons
  2 rime drakes (IceCv)
  A redback zombie (D:11)
  A jumping spider (shapeshifter) (D:11)
  18 hornets
  2 trolls
  7 tyrant leeches
  A polar bear (Lair:6)
  10 blink frogs (Lair:6)
  7 bog bodies
  11 hippogriffs
  12 slime creatures
  A dream sheep (Lair:6)
  A wraith (D:11)
  8 spriggans
  4 shadows
  12 yaks
  A wyvern (Lair:5)
  4 basilisks
  A hungry ghost (D:9)
  15 vampire mosquitoes
  Menkaure (D:7)
  3 wargs
  15 swamp worms
  20 insubstantial wisps
  A naga (Lair:3)
  5 porcupines
  5 sky beasts
  15 water moccasins
  7 swamp drakes
  16 ice beasts
  5 phantoms
  32 orc warriors
  3 black bears
  12 ogres
  The ghost of Illusionis the Chiller, an amateur DrIE (D:3)
  4 wolves (Lair:4)
  2 centaurs
  Blork the orc (D:5)
  14 crocodiles
  22 bullfrogs
  A big kobold (D:9)
  2 gnoll sergeants (D:9)
  3 scorpions
  14 killer bees
  10 wights
  A howler monkey (D:5)
  4 electric eels
  3 crimson imps
  Crazy Yiuf (D:6)
  6 hounds
  27 orc priests
  3 centaur skeletons
  5 jellies
  23 orc wizards
  An iron imp (D:6)
  2 bullfrog skeletons
  3 iguanas
  8 worker ants
  A killer bee zombie (D:10)
  A hound skeleton (D:9)
  3 worker ant zombies
  A howler monkey skeleton (D:8)
  8 adders
  13 gnolls
  A shadow imp (D:11)
  An ooze (D:7)
  An adder zombie (D:5)
  2 adder skeletons
  A worm (D:4)
  2 dart slugs (D:1)
  8 leopard geckos
  95 orcs
  A ball python (D:4)
  9 bats
  5 giant cockroaches
  8 goblins
  6 hobgoblins
  10 jackals
  12 kobolds
  6 quokkas
  2 frilled lizards
  A jackal zombie (D:5)
  A leopard gecko zombie (D:5)
  5 rats
  2 bushes
  5 fungi
  9 plants
776 creatures vanquished.

Vanquished Creatures (others)
  An ogre (D:11)
  5 killer bees (D:11)
  A howler monkey skeleton (D:11)
  An orc (D:10)
  A bush (Lair:4)
  14 fungi (Lair:6)
  30 plants
53 creatures vanquished.

Grand Total: 829 creatures vanquished

Notes
Turn   | Place    | Note
-------+----------+-------------------------------------------
     0 | D:1      | Dexcius the Minotaur Berserker began the quest for the Orb.
     0 | D:1      | Reached XP level 1. HP: 19/19 MP: 0/0
   187 | D:1      | Reached skill level 4 in Axes
   187 | D:1      | Reached XP level 2. HP: 22/27 MP: 1/1
   801 | D:1      | Reached XP level 3. HP: 30/33 MP: 2/2
   908 | D:1      | Reached ** piety under Trog
  1071 | D:2      | Found a stormy altar of Qazlal.
  1113 | D:2      | Found a glowing silver altar of Zin.
  1302 | D:2      | Reached XP level 4. HP: 38/41 MP: 3/3
  1743 | D:3      | Reached skill level 5 in Axes
  1834 | D:3      | Reached XP level 5. HP: 31/47 MP: 4/4
  2103 | D:3      | Found a runed gate.
  2103 | D:3      | Found a runed gate.
  2103 | D:3      | Found a runed gate.
  2103 | D:3      | Noticed Illusionis's ghost (amateur DrIE)
  2119 | D:3      | Killed Illusionis's ghost
  2119 | D:3      | Reached skill level 6 in Axes
  2119 | D:3      | Reached skill level 1 in Stealth
  2119 | D:3      | Reached XP level 6. HP: 31/55 MP: 5/5
  2568 | D:4      | Reached skill level 5 in Fighting
  2814 | D:4      | Reached skill level 7 in Axes
  2814 | D:4      | Reached XP level 7. HP: 54/61 MP: 6/6
  2824 | D:4      | Reached *** piety under Trog
  2893 | D:4      | Found a bloodstained altar of Trog.
  2994 | D:4      | Reached skill level 5 in Armour
  3064 | D:4      | Gained mutation: You are resistant to hostile enchantments.
                  | (MR+) [potion of mutation]
  3064 | D:4      | Gained mutation: Your spells are a little easier to cast,
                  | but a little less powerful. [potion of mutation]
  3064 | D:4      | Gained mutation: You possess an exceptional clarity of
                  | mind. [potion of mutation]
  3064 | D:4      | Gained mutation: Your system is resistant to poisons.
                  | (rPois) [potion of mutation]
  3149 | D:4      | Reached skill level 8 in Axes
  3212 | D:4      | Found an iron altar of Okawaru.
  3216 | D:4      | Reached XP level 8. HP: 71/71 MP: 7/7
  3267 | D:4      | Received a gift from Trog
  3400 | D:5      | Entered Level 5 of the Dungeon
  3416 | D:5      | Reached skill level 9 in Axes
  3525 | D:5      | Found Ysaat's Gadget Emporium.
  3568 | D:5      | Noticed Blork the orc
  3572 | D:5      | Killed Blork the orc
  3621 | D:5      | Found Bygudgh's Distillery.
  3762 | D:5      | Found Diywn's Antique Weapon Shop.
  3863 | D:5      | Found Vaumm's Distillery.
  3891 | D:5      | Found Aplomoih's Assorted Antiques.
  3913 | D:5      | Found a hide-covered altar of Uskayaw.
  3913 | D:5      | Noticed a hand axe
  3914 | D:5      | Noticed a hand axe
  4366 | D:5      | Found a faded altar of an unknown god.
  4366 | D:5      | Found a hazy altar of Hepliaklqana.
  4371 | D:5      | Found a shadowy altar of Dithmenos.
  4373 | D:5      | Found an opulent altar of Gozag.
  4374 | D:5      | Found a shattered altar of Ashenzari.
  4672 | D:6      | Reached skill level 10 in Axes
  4757 | D:6      | Reached **** piety under Trog
  4783 | D:6      | Found a runed door.
  4785 | D:6      | Got a bloodstained mace
  4786 | D:6      | Identified the cursed +1 mace of Theory {crush, MR+} (You
                  | found it on level 6 of the Dungeon)
  4790 | D:6      | Noticed Crazy Yiuf
  4794 | D:6      | Killed Crazy Yiuf
  4845 | D:6      | Found a staircase to the Ecumenical Temple.
  5113 | D:6      | Reached skill level 1 in Maces & Flails
  5215 | D:6      | Found a snail-covered altar of Cheibriados.
  5372 | D:7      | Noticed a hippogriff
  5378 | D:7      | Killed a hippogriff
  5378 | D:7      | Reached XP level 9. HP: 79/79 MP: 8/8
  5464 | D:7      | Noticed Pikel
  5470 | D:7      | Killed Pikel
  5470 | D:7      | Reached skill level 11 in Axes
  5686 | D:7      | Noticed Menkaure
  5690 | D:7      | Killed Menkaure
  5733 | D:7      | Noticed Harold
  5748 | D:7      | Killed Harold
  5748 | D:7      | Reached skill level 12 in Axes
  6062 | D:8      | Reached XP level 10. HP: 91/91 MP: 9/9
  6105 | D:8      | Reached ***** piety under Trog
  6261 | D:8      | Found Nuompar's Distillery.
  6420 | D:8      | Noticed a two-headed ogre
  6424 | D:8      | Killed a two-headed ogre
  6424 | D:8      | Reached skill level 13 in Axes
  7304 | D:9      | Reached skill level 10 in Fighting
  7383 | D:9      | Noticed a two-headed ogre
  7392 | D:9      | Killed a two-headed ogre
  7643 | D:9      | Reached skill level 14 in Axes
  7713 | D:9      | Found a white marble altar of Elyvilon.
  7717 | D:9      | Found an ornate altar of the Wu Jian Council.
  7900 | D:9      | Received a gift from Trog
  7911 | D:9      | Reached XP level 11. HP: 101/101 MP: 10/10
  7927 | D:9      | Got a jewelled battleaxe {god gift}
  7933 | D:9      | Identified the +12 battleaxe "Jellybane" {chop, rPois rF++}
                  | (Trog gifted it to you on level 9 of the Dungeon)
  7974 | D:10     | Entered Level 10 of the Dungeon
  8073 | D:10     | Noticed a two-headed ogre
  8079 | D:10     | Killed a two-headed ogre
  8082 | D:10     | Killed an unseen horror
  8082 | D:10     | Reached skill level 1 in Shields
  8382 | D:10     | Found a staircase to the Orcish Mines.
  8863 | D:11     | Found Keopaont's Book Emporium.
  8896 | D:11     | Reached skill level 15 in Axes
  8968 | D:11     | Noticed a five-headed hydra
  8975 | D:11     | Killed a five-headed hydra
  9009 | D:11     | Found Haownadgh's Magic Scroll Emporium.
  9017 | D:11     | Bought a scroll of identify for 28 gold pieces
  9017 | D:11     | Bought a scroll of identify for 28 gold pieces
  9017 | D:11     | Bought a scroll of identify for 28 gold pieces
  9017 | D:11     | Bought a scroll of identify for 28 gold pieces
  9058 | D:11     | Noticed a brown ugly thing
  9065 | D:11     | Killed a brown ugly thing
  9288 | D:11     | Found a staircase to the Lair.
  9436 | D:11     | Found a portal to a secret trove of treasure.
  9477 | D:11     | Reached skill level 10 in Armour
  9532 | Lair:1   | Entered Level 1 of the Lair of Beasts
  9635 | Lair:1   | Reached skill level 16 in Axes
  9658 | Lair:1   | Reached XP level 12. HP: 108/111 MP: 9/11
 10565 | Lair:2   | Noticed a four-headed hydra
 10574 | Lair:2   | Killed a four-headed hydra
 11115 | Lair:3   | Found a staircase to the Snake Pit.
 11215 | Lair:3   | Reached ****** piety under Trog
 11467 | Lair:3   | Found a staircase to the Swamp.
 11718 | Lair:3   | Noticed a six-headed hydra
 11727 | Lair:3   | Killed a six-headed hydra
 12097 | Lair:4   | Found a frozen archway.
 12103 | Lair:4   | Reached skill level 17 in Axes
 12110 | Lair:4   | Received a gift from Trog
 12139 | Lair:4   | Noticed a six-headed hydra
 12149 | Lair:4   | Killed a six-headed hydra
 12170 | IceCv    | Entered an ice cave
 12177 | IceCv    | Reached skill level 5 in Maces & Flails
 12880 | IceCv    | Reached XP level 13. HP: 102/119 MP: 12/12
 13169 | IceCv    | Got a transparent lapis lazuli ring
 13174 | IceCv    | Identified the ring of Taqonuna {rF+ Str+4} (You found it
                  | in an ice cave)
 14133 | Lair:5   | Reached skill level 18 in Axes
 14519 | Lair:5   | Got a glittering crystal amulet
 14551 | Lair:5   | Identified the amulet "Peabbag" {Reflect +Blink rElec Dex+7
                  | SH+3} (You found it on level 5 of the Lair of Beasts)
 14612 | Lair:6   | Entered Level 6 of the Lair of Beasts
 14645 | Lair:6   | Received a gift from Trog
 14720 | Lair:6   | Reached skill level 5 in Dodging
 15161 | Lair:6   | Reached skill level 19 in Axes
 15221 | Lair:6   | Reached XP level 14. HP: 130/130 MP: 13/13
 15237 | Lair:6   | Found a runed door.
 15258 | Lair:6   | Noticed Uceptuam's ghost (journeyman CeHu)
 15267 | Lair:6   | Killed Uceptuam's ghost
 15704 | Lair:6   | Found a staircase to the Slime Pits.
 16213 | Orc:1    | Entered Level 1 of the Orcish Mines
 16213 | Orc:1    | Found Qybity's General Store.
 16219 | Orc:1    | Noticed an orc warlord
 16235 | Orc:1    | Received a gift from Trog
 16238 | Orc:1    | Killed an orc warlord
 16737 | Orc:2    | Entered Level 2 of the Orcish Mines
 16883 | Orc:2    | Found a staircase to the Elven Halls.
 17594 | Orc:2    | Reached skill level 20 in Axes
 17653 | Orc:2    | Found Jelatrofi's Food Boutique.
 17719 | Orc:2    | Found Suely's Assorted Antiques.
 17720 | Orc:2    | Found Cuiqi's Antique Weapon Shop.
 17721 | Orc:2    | Found Nanomatu's General Store.
 17727 | Orc:2    | Bought a scroll labeled AMNAHU TEESO for 27 gold pieces
 17735 | Orc:2    | Bought a crystal war axe for 272 gold pieces
 17736 | Orc:2    | Identified the +8 war axe of Extinguishment {holy, *Noise
                  | +Fly rElec rC++} (You bought it in a shop on level 2 of the
                  | Orcish Mines)
 17840 | Orc:2    | Received a gift from Trog
 18233 | Swamp:1  | Entered Level 1 of the Swamp
 18465 | Swamp:1  | Reached skill level 15 in Fighting
 19065 | Swamp:2  | Reached XP level 15. HP: 47/141 MP: 4/14
 20353 | Swamp:3  | Received a gift from Trog
 20484 | Swamp:3  | Identified Jichoc's Handbook of Stones and Shape Shifting
 20486 | Swamp:3  | Noticed a thorn hunter
 20499 | Swamp:3  | Killed a thorn hunter
 20845 | Swamp:3  | Noticed a thorn hunter
 20851 | Swamp:3  | Killed a thorn hunter
 21820 | Swamp:4  | Entered Level 4 of the Swamp
 21828 | Swamp:4  | Reached skill level 15 in Armour
 21846 | Swamp:4  | Received a gift from Trog
 22023 | Swamp:4  | Got a bloodstained scythe
 22024 | Swamp:4  | Identified the +5 scythe of the Tiger {slice, Stlth+} (You
                  | found it on level 4 of the Swamp)
 22456 | Swamp:4  | Noticed a thorn hunter
 22463 | Swamp:4  | Reached skill level 21 in Axes
 22469 | Swamp:4  | Killed a thorn hunter
 22478 | Swamp:4  | Received a gift from Trog
 22504 | Swamp:4  | Reached XP level 16. HP: 56/152 MP: 5/15
 22525 | Swamp:4  | Slain by a shambling mangrove

Skill      XL: |  1  2  3  4  5  6  7  8  9 10 11 12 13 14 15 16 |
---------------+-------------------------------------------------+-----
Axes           | 4 5 6 7 8 10 12 14 16 17 19 20 21 | 21.1
Fighting       | 4 5 6 7 9 10 11 12 13 15 16 | 16.8
Armour         | 3 4 5 6 7 8 10 11 12 14 15 | 15.2
Dodging        | 3 4 5 |  5.4
Stealth        | 1 2 3 |  3.3
Maces & Flails | 1 3 5 8 9 |  9.0
Shields        | 1 3 4 |  4.4
Unarmed Combat | |  0.2
Evocations     | |  0.9

Action                   |  1- 3 |  4- 6 |  7- 9 | 10-12 | 13-15 | 16-18 || total
-------------------------+-------+-------+-------+-------+-------+-------++-------
Melee: Hand axe          |    71 |    97 |    29 |       |       |       ||   197
       Headbutt          |    12 |    20 |    62 |    79 |   198 |     4 ||   375
       War axe           |       |       |   154 |    61 |       |       ||   215
       Mace              |       |       |    16 |       |       |       ||    16
       Battleaxe         |       |       |    28 |   317 |   635 |       ||   980
       Unarmed           |       |       |       |     3 |       |       ||     3
       Morningstar       |       |       |       |    16 |       |       ||    16
       Great mace        |       |       |       |     7 |    76 |    12 ||    95
Invok: Berserk           |       |       |       |       |     3 |       ||     3
 Abil: Evoke Invisibilit |       |       |       |     1 |       |       ||     1
       Evoke Flight      |       |       |       |       |     1 |       ||     1
  Use: Scroll            |       |     9 |     6 |    18 |     9 |       ||    42
       Potion            |       |     4 |     3 |       |     3 |     1 ||    11
 Stab: Distracted        |       |       |     1 |       |       |       ||     1
  Eat: Ration            |     1 |     1 |     3 |     8 |     9 |       ||    22
Armor: Animal skin       |     5 |       |       |       |       |       ||     5
       Ring mail         |     6 |       |       |       |       |       ||     6
       Scale mail        |    12 |     9 |       |       |       |       ||    21
       Plate armour      |       |    36 |   112 |   268 |   425 |    21 ||   862
Dodge: Dodged            |    49 |    56 |    91 |   210 |   321 |     7 ||   734
Block: Shield            |       |       |       |    12 |       |       ||    12
       Other             |       |       |       |       |    67 |     1 ||    68
       Reflection        |       |       |       |       |     1 |       ||     1
